 Dungeon Crawl Stone Soup version 0.23-a0-612-gcb482e9 (webtiles) character file.

2695 Lanoc the Covert (level 9, 0/39 HPs)
             Began as a Spriggan Enchanter on Dec 21, 2018.
             Was a Priest of Nemelex Xobeh.
             Slain by an orc knight
             ... wielding a +0 war axe
              (23 damage)
             ... in a bailey.
             The game lasted 01:09:14 (7330 turns).

Lanoc the Covert (Spriggan Enchanter)               Turns: 7330, Time: 01:09:15

Health: 0/39       AC:  2    Str:  4    XL:     9   Next: 38%
Magic:  10/28      EV: 25    Int: 22    God:    Nemelex Xobeh [***...]
Gold:   151        SH:  0    Dex: 24    Spells: 11/20 levels left

rFire    . . .     SeeInvis +   a - +1 dagger
rCold    . . .     Gourm    .   (shield restricted)
rNeg     . . .     Faith    .   b - +0 robe
rPois    .         Spirit   .   (helmet restricted)
rElec    .         Reflect  .   (no cloak)
rCorr    .         Harm     .   (gloves unavailable)
MR       +....                  (boots unavailable)
Stlth    +++++.....             (no amulet)
HPRegen  0.13/turn              t - +5 ring of dexterity
MPRegen  0.21/turn              y - ring of magical power

@: brilliant, very slightly contaminated, invisible, very quick
A: very small, unfitting armour, see invisible, herbivore, speed 3, slow
metabolism 2
a: Draw Escape, Draw Destruction, Draw Summoning, Triple Draw, Renounce Religion


You were in a bailey.
You worshipped Nemelex Xobeh.
Nemelex Xobeh was most pleased with you.
You were not hungry.

You visited 2 branches of the dungeon, and saw 8 of its levels.
You also visited: Bailey.

You collected 271 gold pieces.
You spent 120 gold pieces at shops.

Inventory:

Hand Weapons
 a - a +1 dagger (weapon)
 u - a +0 rapier
Armour
 b - a +0 robe (worn)
Jewellery
 e - an uncursed ring of ice
 r - an uncursed ring of resist corrosion
 t - a +5 ring of dexterity (left hand)
 w - an uncursed ring of protection from magic
 y - a ring of magical power (right hand)
Wands
 l - a wand of polymorph (11)
 o - a wand of acid (6)
 x - a wand of enslavement (22)
Scrolls
 c - 3 scrolls of teleportation
 g - 2 scrolls of enchant weapon {unknown}
 h - a scroll of identify
 j - 4 scrolls of remove curse
 n - 2 scrolls of enchant armour {unknown}
 p - 2 scrolls of amnesia {unknown}
 s - a scroll of fog {unknown}
 v - a scroll of immolation {unknown}
 B - 3 scrolls of blinking {unknown}
 D - a scroll of fear {unknown}
Potions
 f - 3 potions of haste
 i - a potion of berserk rage
 k - a potion of brilliance
 m - 3 potions of curing
 q - 2 potions of heal wounds
 A - a potion of might
 C - a potion of lignification
Comestibles
 d - 3 rations


   Skills:
 + Level 5.4 Short Blades
 + Level 7.5 Dodging
 * Level 11.3 Stealth
 + Level 6.3 Spellcasting
 * Level 9.1 Hexes


You had 11 spell levels left.
You knew the following spells:

 Your Spells              Type           Power        Failure   Level  Hunger
a - Corona                Hex            ######.      1%          1    None
b - Ensorcelled Hibernat  Hex/Ice        #####.       1%          2    None
c - Tukima's Dance        Hex            ######..     1%          3    #......
d - Dazzling Spray        Conj/Hex       #####.       1%          3    #......

Your spell library contained the following spells:

 Spells                   Type           Power        Failure   Level  Hunger
 Animate Skeleton         Necr           N/A          1%          1    None
 Beastly Appendage        Tmut           ###...       1%          1    None
 Freeze                   Ice            ###.         1%          1    None
 Pain                     Necr           ###.         1%          1    None
 Sticks to Snakes         Tmut           ###.....     1%          2    None
 Throw Frost              Conj/Ice       ###...       1%          2    None
 Confuse                  Hex            ######..     1%          3    #......
 Ozocubu's Armour         Chrm/Ice       ###.....     3%          3    #......
 Regeneration             Chrm/Necr      ###.......   3%          3    #......
 Spider Form              Tmut/Pois      ###.......   3%          3    #......
 Vampiric Draining        Necr           ###.......   3%          3    #......
 Animate Dead             Necr           N/A          10%         4    ###....
 Ice Form                 Ice/Tmut       ###.....     10%         4    ###....
 Summon Ice Beast         Ice/Summ       ###.....     10%         4    ###....
 Throw Icicle             Conj/Ice       ###.....     10%         4    ###....
 Blade Hands              Tmut           ###.......   24%         5    #####..


Dungeon Overview and Level Annotations

Branches:
Dungeon (7/15)             Temple (1/1) D:6

Altars:
Ashenzari
Cheibriados
Dithmenos
Elyvilon
Fedhas
Gozag
Hepliaklqana
Makhleb
Nemelex Xobeh
Okawaru
Qazlal
Ru
Sif Muna
Trog
Uskayaw
Wu Jian
Xom
Yredelemnul
Zin

Shops:
D:7 %


Innate Abilities, Weirdness & Mutations

You are very small and have problems with some larger weapons.
You are too small for most types of armour.
You have supernaturally acute eyesight. (SInv)
You are a herbivore.
You cover ground extremely quickly.
You need to consume almost no food.


Message History

A gnoll comes into view. It is wielding a +0 war axe.
There is an open door here.
The gnoll shouts!
The orc knight shouts!
You hit the orc knight but do no damage.
You hit the orc knight but do no damage.
The orc knight barely misses you.
You hit the orc knight.
The orc knight is lightly wounded.
You hit the orc knight but do no damage.
The orc knight is lightly wounded.
The orc knight barely misses you.
You catch the helpless orc knight completely off-guard!
You skewer the orc knight like a kebab!!!
The orc knight is heavily wounded.
You hit the orc knight but do no damage.
The orc knight is heavily wounded.
The orc knight hits you with a +0 war axe!!
Ouch! That really hurt!
You die...
Your body disappears without a glow.

##..)....##.. ##.......
#....)[...#... .. #....g...
##....[....###...###........
#.....⌠))...###'###.....⌠...
##.........##88)88##.o......
#.......).#....)..#........
##......)##.......##.......
#.....))'o.......o'.......
##.....##@........##.....#
#######..)..⌠.....#######
##.........## #.........#
##.......## #.......#
#!.∩..# ######


You could see an orc knight.

Vanquished Creatures
  An orc knight (Bailey)
  Eustachio (D:4)
  Edmund (D:4)
  A water moccasin (D:5)
  6 orc warriors (Bailey)
  3 ogres
  A centaur (D:5)
  2 bullfrogs
  4 scorpions
  2 howler monkeys
  2 crimson imps
  2 jellies
  3 orc priests
  A bullfrog skeleton (D:5)
  A worker ant (D:5)
  An orc wizard (D:3)
  A worker ant zombie (D:5)
  7 gnolls
  A howler monkey skeleton (D:5)
  8 adders
  A shadow imp (D:7)
  An ooze (D:3)
  4 worms
  3 dart slugs
  10 leopard geckos
  22 orcs
  2 ball pythons
  2 giant cockroaches
  29 goblins
  16 hobgoblins
  5 jackals
  6 kobolds
  6 quokkas
  5 bats
  3 frilled lizards
  A quokka skeleton (D:6)
  6 rats
171 creatures vanquished.

Vanquished Creatures (collateral kills)
  A gnoll (Bailey)
  An orc (Bailey)
  4 goblins (Bailey)
  A hobgoblin (Bailey)
7 creatures vanquished.

Vanquished Creatures (others)
  6 dancing weapons (Bailey)
6 creatures vanquished.

Grand Total: 184 creatures vanquished

Notes
Turn   | Place    | Note
-------+----------+-------------------------------------------
     0 | D:1      | Lanoc the Spriggan Enchanter began the quest for the Orb.
     0 | D:1      | Reached XP level 1. HP: 9/9 MP: 5/5
   259 | D:1      | Reached XP level 2. HP: 12/13 MP: 6/6
   601 | D:1      | Learned a level 2 spell: Ensorcelled Hibernation
   953 | D:2      | Reached skill level 5 in Stealth
   953 | D:2      | Reached XP level 3. HP: 13/16 MP: 2/8
  1010 | D:2      | Learned a level 3 spell: Tukima's Dance
  1098 | D:2      | Found a white marble altar of Elyvilon.
  1289 | D:2      | Reached XP level 4. HP: 21/21 MP: 9/9
  2117 | D:2      | Reached skill level 6 in Stealth
  2284 | D:3      | Found a faded altar of an unknown god.
  2286 | D:3      | Became a worshipper of Nemelex Xobeh the Trickster
  2286 | D:3      | Received a gift from Nemelex Xobeh
  2286 | D:3      | Reached * piety under Nemelex Xobeh
  2286 | D:3      | Received a gift from Nemelex Xobeh
  2353 | D:3      | Reached XP level 5. HP: 24/24 MP: 8/11
  3046 | D:3      | Received a gift from Nemelex Xobeh
  3177 | D:3      | Reached skill level 5 in Hexes
  3234 | D:3      | Reached ** piety under Nemelex Xobeh
  3362 | D:3      | Found a stormy altar of Qazlal.
  3399 | D:4      | Noticed Eustachio
  3420 | D:4      | Killed Eustachio
  3420 | D:4      | Reached skill level 7 in Stealth
  3420 | D:4      | Reached XP level 6. HP: 22/28 MP: 7/13
  3456 | D:4      | Noticed Edmund
  3567 | D:4      | Killed Edmund
  3585 | D:4      | Found an iron altar of Okawaru.
  3587 | D:4      | Found a sacrificial altar of Ru.
  3653 | D:4      | Reached XP level 7. HP: 32/32 MP: 7/14
  3820 | D:4      | Reached skill level 5 in Dodging
  3917 | D:4      | Reached skill level 8 in Stealth
  4056 | D:5      | Entered Level 5 of the Dungeon
  4339 | D:5      | Reached XP level 8. HP: 25/36 MP: 6/16
  4409 | D:5      | Reached skill level 5 in Spellcasting
  4573 | D:5      | Reached skill level 9 in Stealth
  4963 | D:5      | Received a gift from Nemelex Xobeh
  5042 | D:5      | Found a sparkling altar of Nemelex Xobeh.
  5048 | D:5      | Found a blossoming altar of Fedhas.
  5051 | D:5      | Found a glowing silver altar of Zin.
  5140 | D:5      | Found a bloodstained altar of Trog.
  5439 | D:6      | Reached *** piety under Nemelex Xobeh
  5668 | D:6      | Found a staircase to the Ecumenical Temple.
  5704 | Temple   | Entered the Ecumenical Temple
  6033 | D:6      | Got a bloodstained long sword
  6034 | D:6      | Identified the cursed +1 long sword of Xabitwyu {pain,
                  | *Contam +Blink MP+9 Int+4} (You found it on level 6 of the
                  | Dungeon)
  6091 | D:7      | Found a flagged portal.
  6124 | D:7      | Reached skill level 10 in Stealth
  6132 | D:7      | Found Foun's Food Shoppe.
  6141 | D:7      | Bought a ration for 60 gold pieces
  6141 | D:7      | Bought a ration for 60 gold pieces
  6181 | Bailey   | Entered a bailey
  6213 | Bailey   | Learned a level 3 spell: Dazzling Spray
  7156 | Bailey   | Noticed an orc knight
  7186 | Bailey   | Noticed an orc warlord
  7282 | Bailey   | Reached skill level 5 in Short Blades
  7282 | Bailey   | Reached XP level 9. HP: 27/39 MP: 1/18
  7305 | Bailey   | Killed an orc knight
  7305 | Bailey   | Reached skill level 11 in Stealth
  7322 | Bailey   | Noticed an orc knight
  7330 | Bailey   | Slain by an orc knight

Vault maps used:
D:1:      tarquinn_simple_flora_water_a
D:2:      minmay_razor_zed, nicolae_overflow_hidden_temple
D:3:      nicolae_qazlal_eye_of_the_storm, chequers_ecumenical_altar_simple,
          hangedman_glass_teeth, eino_tiny_chamber, minmay_hedge_maze
D:4:      minitemple, first_ration, kennysheep_pointless_box, uniq_edmund,
          uniq_eustachio
D:5:      kennysheep_little_box, grunt_temple_overflow_diamond,
          hangedman_decor_riveting
D:6:      minmay_temple_entry_proselytizer
D:7:      enter_bailey_2, serial_shops, shop
Temple:   jpeg_temple_clearing
Bailey:   bailey_axe_minmay_hex_keep, bailey

Skill      XL: |  1  2  3  4  5  6  7  8  9 |
---------------+----------------------------+-----
Hexes          | 4 5 6 8 9 |  9.1
Stealth        | 5 6 7 8 10 11 | 11.3
Spellcasting   | 3 4 5 6 |  6.3
Short Blades   | 2 3 5 |  5.4
Dodging        | 4 5 6 7 |  7.5

Action                   |  1- 3 |  4- 6 |  7- 9 || total
-------------------------+-------+-------+-------++-------
Melee: Dagger            |   128 |   151 |   374 ||   653
 Cast: Ensorcelled Hiber |    12 |    39 |    98 ||   149
       Corona            |     4 |       |     4 ||     8
       Tukima's Dance    |       |       |    12 ||    12
       Dazzling Spray    |       |       |     1 ||     1
  Use: Scroll            |       |       |    11 ||    11
       Potion            |       |       |     7 ||     7
 Stab: Sleeping          |    14 |    33 |    62 ||   109
       Distracted        |       |     1 |     4 ||     5
       Invisible         |       |       |     8 ||     8
  Eat: Ration            |       |     2 |     3 ||     5
Armor: Robe              |    11 |     5 |     9 ||    25
       Skin              |       |       |     9 ||     9
Dodge: Dodged            |    93 |   105 |   230 ||   428

Table legend:
 A = Non-vault XP
 B = Vault XP
 C = Vault XP percentage of total XP
 D = Non-vault monster count
 E = Vault monster count
 F = Vault count percentage of total count
                 A         B        C        D         E       F
            +---------+---------+-------+---------+---------+-------
      Total |    1869 |    1982 |  51.5 |     105 |      73 |  41.0
            +---------+---------+-------+---------+---------+-------
        D:1 |      32 |       0 |   0.0 |      17 |       0 |   0.0
        D:2 |     143 |      54 |  27.4 |      25 |      12 |  32.4
        D:3 |      78 |       0 |   0.0 |      17 |       0 |   0.0
        D:4 |     391 |     350 |  47.2 |      12 |       2 |  14.3
        D:5 |     775 |       0 |   0.0 |      19 |       0 |   0.0
        D:6 |     163 |      44 |  21.3 |       8 |       1 |  11.1
        D:7 |     287 |       0 |   0.0 |       7 |       0 |   0.0
     Bailey |       0 |    1534 | 100.0 |       0 |      58 | 100.0
            +---------+---------+-------+---------+---------+-------
